 Dungeon Crawl Stone Soup version 0.28.0-53-g5a82cb258f (webtiles) character file.

Game seed: 7636007727974139285

52 MiltankisOP the Changer (level 3, -1/28 HPs)
             Began as a Draconian Transmuter on June 14, 2022.
             Was an Initiate of Hepliaklqana.
             Slain by a gnoll
             ... wielding a +0 club
              (4 damage)
             ... on level 1 of the Dungeon.
             The game lasted 00:02:14 (1556 turns).

MiltankisOP the Changer (Draconian Transmuter)      Turns: 1556, Time: 00:02:15

Health: -1/28      AC:  5    Str: 12    XL:     3   Next: 60%
Magic:  6/6        EV: 12    Int: 15    God:    Hepliaklqana [......]
Gold:   42         SH:  0    Dex: 11    Spells: 5/6 levels left

rFire   . . .      SeeInvis .     - Unarmed
rCold   . . .      Faith    .   (no shield)
rNeg    . . .      Spirit   .   (armour unavailable)
rPois   .          Reflect  .   (helmet currently unavailable)
rElec   .          Harm     .   (no cloak)
rCorr   .          Rampage  .   (no gloves)
Will    +....                   (boots currently unavailable)
Stlth   +.........              (no amulet)
HPRegen 0.09/turn               i - ring of willpower
MPRegen 0.10/turn               (no ring)

@: appendages
A: horns 2, talons 2, AC +5, unfitting armour, cold-blooded
a: End Transformation, Renounce Religion


You were on level 1 of the Dungeon.
You worshipped Hepliaklqana.
Hepliaklqana was noncommittal.
You had temporarily grown beastly horns and talons.
You visited 1 branch of the dungeon, and saw 2 of its levels.

You collected 42 gold pieces.

Inventory:

Armour
 j - a +1 pair of boots
Jewellery
 i - a ring of willpower (left hand)
Scrolls
 a - a scroll of blinking {unknown}
 b - a scroll of enchant armour {unknown}
 e - a scroll of magic mapping {unknown}
 f - a scroll of identify {unknown}
 g - a scroll of teleportation {unknown}
Potions
 c - a potion of attraction {unknown}
 d - a potion of ambrosia {unknown}
 h - a potion of haste {unknown}


   Skills:
 - Level 1.1 Fighting
 - Level 1.7 Dodging
 - Level 3.0 Unarmed Combat
 - Level 2.0 Spellcasting
 + Level 4.0 Transmutations


You had 5 spell levels left.
You knew the following spells:

 Your Spells              Type           Power      Damage    Failure   Level
a - Beastly Appendage     Tmut           26%        N/A       4%          1

Your spell library contained the following spells:

 Spells                   Type           Power      Damage    Failure   Level
 Wereblood                Tmut           13%        N/A       6%          2
 Spider Form              Tmut/Pois      7%         N/A       28%         3
 Ice Form                 Ice/Tmut       7%         N/A       67%         4


Dungeon Overview and Level Annotations

Branches:
Dungeon (2/15)

Altars:
Hepliaklqana


Innate Abilities, Weirdness & Mutations

You have temporarily grown beastly horns and talons.
Your plain brown scales are hard. (AC +5)
You cannot fit into any form of body armour.
You are cold-blooded and may be slowed by cold attacks.


Message History

The gnoll is moderately wounded.
The gnoll barely misses you.
You hit the gnoll but do no damage.
The gnoll is moderately wounded.
The gnoll misses you.
You hit the gnoll.
The gnoll is moderately wounded.
The gnoll barely misses you.
You hit the gnoll but do no damage. You headbutt the gnoll.
Your tail-slap misses the gnoll.
The gnoll is heavily wounded.
The gnoll barely misses you.
You barely miss the gnoll. Your kick misses the gnoll.
The gnoll is heavily wounded.
The gnoll closely misses you.
You hit the gnoll but do no damage.
Your tail-slap misses the gnoll.
The gnoll is heavily wounded.
The gnoll hits you but does no damage.
You hit the gnoll but do no damage. Your kick misses the gnoll.
Your headbutt misses the gnoll.
The gnoll is heavily wounded.
The gnoll hits you with a +0 club.
* * * LOW HITPOINT WARNING * * *
You barely miss the gnoll. You tail-slap the gnoll.
The gnoll is heavily wounded.
The gnoll hits you but does no damage.
You hit the gnoll but do no damage. Your headbutt misses the gnoll.
Your tail-slap misses the gnoll.
The gnoll is heavily wounded.
You hit the gnoll.
You tail-slap the gnoll, but do no damage.
The gnoll is severely wounded.
The gnoll closely misses you.
You closely miss the gnoll.
The gnoll is severely wounded.
The gnoll barely misses you.
You closely miss the gnoll.
The gnoll is severely wounded.
The gnoll hits you with a +0 club.
You die...

############
##.#.#.#.#.#.##
##############
#............#
..........†..#
###.#.#.#.#.##
############.#
#...........# ..#
##.## ##.#.#.#.#.##
#.#########...####
#...........#
#................#
##.#.#.#.#.##
#.#########...##.#
#....).....># #.#
##.###@# ##.#.#.#.#.##
..# #.# #g#
#............ #.# #.#
#.#####.#.#.#.#.##
#.## #.#
#.........####..##
..(#
#.###########.........
########
#.............######.#
....♣..##
#############.# #..÷.#
........## #.# #.##.#
♣......<.### #.#
#.##..


You could see a gnoll.

Vanquished Creatures
  2 gnolls (D:2)
  A worm (D:2)
  4 endoplasms
  A giant cockroach (D:1)
  5 goblins
  3 hobgoblins
  2 jackals (D:2)
  4 ball pythons
  3 bats
  2 rats
27 creatures vanquished.

Notes
Turn   | Place    | Note
-------+----------+-------------------------------------------
     0 | D:1      | MiltankisOP the Draconian Transmuter began the quest for
                  | the Orb.
     0 | D:1      | Reached XP level 1. HP: 16/16 MP: 3/3
   491 | D:1      | Reached XP level 2. HP: 22/23 MP: 3/5
   920 | D:2      | Reached skill level 3 in Transmutations
  1044 | D:2      | Found a faded altar of an unknown god.
  1195 | D:2      | Found a hazy altar of Hepliaklqana.
  1205 | D:2      | Became a worshipper of Hepliaklqana the Forgotten
  1236 | D:2      | Reached XP level 3. HP: 19/28 MP: 4/6
  1505 | D:2      | Reached skill level 4 in Transmutations
  1556 | D:1      | Slain by a gnoll

Illustrated notes

Levels and vault maps discovered:
D:1:      nzn_arrival_settlement, layout_loops_ring, st_stairs_10
D:2:      layout_loops_ring, hellmonk_ecumenical_altar_zigzags, basic_altar

Skill      XL: |  1  2  3 |
---------------+----------+-----
Transmutations | 3 4 |  4.0
Fighting       | |  1.1
Dodging        | |  1.7
Unarmed Combat | |  3.0
Spellcasting   | |  2.0

Action                   || total
-------------------------++-------
Melee: Unarmed           ||    85
       Kick              ||    12
       Tailslap          ||    12
       Punch             ||     2
       Headbutt          ||    10
 Cast: Beastly Appendage ||    20
 Stab: Sleeping          ||     1
Armor: Skin              ||    23
Dodge: Dodged            ||    58
